 Dungeon Crawl Stone Soup version 0.29.1-1-gd02db69 (webtiles) character file.

Game seed: 12856093301122415479

791 Triovana the Shooter (level 7, -5/41 HPs)
             Began as a Tengu Hunter on Feb 27, 2023.
             Slain by a gnoll
             ... wielding a +0 halberd
              (11 damage)
             ... on level 5 of the Dungeon.
             The game lasted 00:17:53 (2954 turns).

Triovana the Shooter (Tengu Hunter)                 Turns: 2954, Time: 00:17:54

Health: -5/41      AC:  4    Str: 11    XL:     7   Next: 88%
Magic:  11/11      EV: 15    Int: 10    God:
Gold:   72         SH:  0    Dex: 19    Spells: 5/10 levels left

rFire   . . .      SeeInvis .   d - +0 long sword (vorpal)
rCold   . . .      Faith    .   (no shield)
rNeg    . . .      Spirit   .   c - +0 leather armour
rPois   .          Reflect  .   n - +0 hat
rElec   .          Harm     .   (no cloak)
rCorr   .          Rampage  .   i - +0 pair of gloves
Will    .....                   (boots unavailable)
Stlth   ++........              g - amulet of magic regeneration
HPRegen 0.13/turn               (no ring)
MPRegen 0.52/turn               (no ring)

@: flying quickly and evasively, quick
A: beak, talons 3, nimble flight, noise suppression
a: no special abilities


You were on level 5 of the Dungeon.
You visited 1 branch of the dungeon, and saw 6 of its levels.

You collected 171 gold pieces.
You spent 99 gold pieces at shops.

Inventory:

Hand Weapons
 a - a +0 shortbow
 d - a +0 vorpal long sword (weapon)
Armour
 c - a +0 leather armour (worn)
 i - a +0 pair of gloves (worn)
 n - a +0 hat (worn)
Jewellery
 g - an amulet of magic regeneration (around neck)
Wands
 m - a wand of paralysis (8)
Scrolls
 b - a scroll of immolation
 e - a scroll of fog
 f - 5 scrolls of teleportation
 h - a scroll of fear
 k - a scroll of summoning
 l - a scroll of silence {unknown}
Potions
 j - a potion of resistance {unknown}
 o - a potion of heal wounds {unknown}
 p - a potion of lignification {unknown}


   Skills:
 + Level 3.3 Fighting
 + Level 2.3 Long Blades
 + Level 7.6 Ranged Weapons
 + Level 2.6 Armour
 + Level 2.8 Dodging
 + Level 1.3 Stealth
 * Level 2.1 Spellcasting
 * Level 2.7 Summonings
 * Level 0.3 Transmutations
 * Level 0.3 Poison Magic


You had 5 spell levels left.
You knew the following spells:

 Your Spells              Type           Power      Damage    Failure   Level
a - Call Imp              Summ           6%         N/A       21%         2
b - Spider Form           Tmut/Pois      1%         N/A       71%         3

Your spell library contained the following spells:

 Spells                   Type           Power      Damage    Failure   Level
 Beastly Appendage        Tmut           2%         N/A       34%         1
 Magic Dart               Conj           4%         1d3       38%         1
 Wereblood                Tmut           1%         N/A       47%         2
 Mephitic Cloud           Conj/Pois/Air  1%         N/A       75%         3
 Inner Flame              Hex/Fire       1%         N/A       77%         3
 Cause Fear               Hex            0%         N/A       99%         4
 Discord                  Hex            0%         N/A       100%        8


Dungeon Overview and Level Annotations

Branches:
Dungeon (6/15)
 Temple: D:4-7

Altars:
Cheibriados
Xom

Shops:
D:4 ?


Innate Abilities, Weirdness & Mutations

You have a beak for a mouth.
You have claws for feet.
Your magical nature lets you fly swiftly and evasively.
You passively dampen the noise of your surroundings.


Message History

You closely miss the necrophage. You claw the necrophage.
The necrophage is almost destroyed.
The necrophage misses you.
You barely miss the necrophage.
The necrophage is almost destroyed.
The necrophage hits you.
You slash the necrophage!
You destroy the necrophage!
a - a +0 shortbow (weapon)
Done exploring.
Done exploring.
You reach down and open the door.
There is an open door here.
There is a stone staircase leading down here.
You fly downwards.
Found a stone staircase leading down.
There is a stone staircase leading up here.
You fly upwards.
There is a stone staircase leading down here.
There is a stone staircase leading up here.
You fly upwards.
The gnoll shouts! x2
The gnoll misses you. x2
The gnoll hits you from afar with a +0 spear.
There is a stone staircase leading down here.
Unknown command.
Unknown command.
d - a +0 vorpal long sword (weapon)
The gnoll hits you with a +0 halberd! The gnoll hits you with a +0 whip.
The gnoll hits you from afar with a +0 spear.
The gnoll hits you with a +0 halberd. The gnoll hits you with a +0 whip.
The gnoll hits you from afar with a +0 spear!
* * * LOW HITPOINT WARNING * * *
You fly downwards.
There is a stone staircase leading up here.
You barely miss the gnoll. You claw the gnoll.
You peck the gnoll, but do no damage.
The gnoll is heavily wounded.
The gnoll hits you with a +0 halberd!
You die...

#...#.. #...#.. #...#..
#...#.. ##### #...#..
##...##### #..###.
#....##..####..###.
##.g[..............
##@..>..........(..
#.g................
#..................
#######..##..######+##+
#...###..##..##..##.##.
#....'.................
#....#.................
#..########..###'##....
#..########..##>.##....


You could see 2 gnolls.

Vanquished Creatures
  2 ice beasts (D:5)
  3 necrophages (D:5)
  2 scorpions
  A jelly (D:5)
  4 hounds (D:5)
  An orc priest (D:4)
  An iguana (D:5)
  3 adders
  An ufetubus (D:5)
  A worm (D:2)
  3 dart slugs
  6 orcs
  8 ball pythons
  2 bats
  4 endoplasms
  2 giant cockroaches (D:2)
  4 hobgoblins
  3 jackals (D:4)
  2 quokkas
  3 frilled lizards (D:2)
  5 goblins
  5 kobolds
  8 rats
  A spectral kobold (D:2)
75 creatures vanquished.

Notes
Turn   | Place    | Note
-------+----------+-------------------------------------------
     0 | D:1      | Triovana the Tengu Hunter began the quest for the Orb.
     0 | D:1      | Reached XP level 1. HP: 12/12 MP: 2/2
    74 | D:1      | Reached XP level 2. HP: 14/17 MP: 3/3
   144 | D:1      | Reached skill level 5 in Ranged Weapons
   572 | D:1      | Reached XP level 3. HP: 21/21 MP: 4/4
  1006 | D:2      | Found a shimmering altar of Xom.
  1059 | D:2      | Reached skill level 1 in Armour
  1059 | D:2      | Reached XP level 4. HP: 27/27 MP: 5/5
  1098 | D:2      | Found a faded altar of an unknown god.
  1343 | D:3      | Noticed a phantom
  1383 | D:4      | Gained mutation: Your skin changes colour to match your
                  | surroundings (Stealth+). [potion of mutation]
  1383 | D:4      | Gained mutation: You are frail. (-10% HP) [potion of
                  | mutation]
  1383 | D:4      | Gained mutation: You possess an exceptional clarity of
                  | mind. [potion of mutation]
  1387 | D:4      | Reached skill level 6 in Ranged Weapons
  1387 | D:4      | Gained mutation: Your magical nature lets you fly swiftly
                  | and evasively. [Tengu growth]
  1387 | D:4      | Reached XP level 5. HP: 14/27 MP: 6/6
  1578 | D:4      | Lost mutation: Your skin changes colour to match your
                  | surroundings (Stealth+). [potion of mutation]
  1578 | D:4      | Lost mutation: You possess an exceptional clarity of mind.
                  | [potion of mutation]
  1578 | D:4      | Lost mutation: You are frail. (-10% HP) [potion of
                  | mutation]
  1578 | D:4      | Gained mutation: You passively dampen the noise of your
                  | surroundings. [potion of mutation]
  1722 | D:4      | Found Fuloik's Magic Scroll Shop.
  1731 | D:4      | Bought a scroll of fear for 44 gold pieces
  1731 | D:4      | Bought a scroll of identify for 22 gold pieces
  1731 | D:4      | Bought a scroll of teleportation for 33 gold pieces
  1757 | D:4      | Learned a level 2 spell: Call Imp
  1817 | D:4      | Found a snail-covered altar of Cheibriados.
  1841 | D:4      | Noticed a phantom
  1892 | D:3      | You are sucked into a shaft and drop 2 floors!
  1892 | D:5      | Entered Level 5 of the Dungeon
  1956 | D:5      | Reached XP level 6. HP: 34/36 MP: 6/8
  1995 | D:5      | Reached skill level 1 in Summonings
  2089 | D:5      | Reached skill level 1 in Long Blades
  2089 | D:5      | Reached skill level 7 in Ranged Weapons
  2089 | D:5      | Reached skill level 1 in Spellcasting
  2309 | D:5      | Reached XP level 7. HP: 39/41 MP: 8/10
  2576 | D:5      | Learned a level 3 spell: Spider Form
  2954 | D:5      | Slain by a gnoll

Illustrated notes

Levels and vault maps discovered:
D:1:      wander_arrival_chamber, layout_basic
D:2:      layout_rooms, basic_altar, dreamdust_ecumenical_altar_drowned_temple
D:3:      layout_basic
D:4:      layout_loops_ring, mainiacjoe_overflow_cross_hatched, serial_shops,
          nicolae_diamond_shop
D:5:      layout_gridville
D:6:      layout_cave_pods, minmay_temple_entry_waves, serial_shops,
          nicolae_lakefront_shop, nicolae_shop_gadgets, uniq_sigmund

Skill      XL: |  1  2  3  4  5  6  7 |
---------------+----------------------+-----
Ranged Weapons | 5 6 7 |  7.6
Armour         | 1 2 |  2.6
Summonings     | 1 2 |  2.7
Fighting       | 3 |  3.3
Long Blades    | 1 2 |  2.3
Spellcasting   | 1 2 |  2.1
Dodging        | |  2.8
Stealth        | |  1.3
Transmutations | |  0.3
Poison Magic   | |  0.3

Action                   |  1- 3 |  4- 6 |  7- 9 || total
-------------------------+-------+-------+-------++-------
Melee: Long sword        |       |    27 |    24 ||    51
       Kick              |       |     9 |     6 ||    15
       Peck              |       |     4 |     7 ||    11
       Punch             |       |     1 |       ||     1
 Fire: Shortbow          |    75 |    63 |    20 ||   158
  Use: Potion            |       |     3 |       ||     3
       Scroll            |       |     2 |       ||     2
Armor: Leather armour    |     2 |     5 |    10 ||    17
Dodge: Dodged            |     6 |    41 |    17 ||    64
